 Dungeon Crawl Stone Soup version 0.17.0-1-g61d176b (webtiles) character file.

9454 UristPineapples the Fighter (level 11, -11/97 HPs)
             Began as a Demigod Conjurer on Nov 7, 2015.
             Mangled by an orc warrior
             ... wielding a +0 war axe
              (14 damage)
             ... on level 1 of the Orcish Mines.
             The game lasted 01:13:46 (18821 turns).

UristPineapples the Fighter (Demigod Conjurer)     Turns: 18821, Time: 01:13:46

Health: -11/97     AC:  6    Str: 11    XL:     11   Next: 3%
Magic:  27/27      EV:  9    Int: 25    God:
Gold:   957        SH:  0    Dex: 16    Spells: 6 memorised, 7 levels left

rFire  + . .     SeeInvis .     F - +0 blowgun
rCold  + . .     Clarity  +     L - +2 robe {rC+ rF+}
rNeg   . . .     SustAt   +     (no shield)
rPois  .         Gourm    .     (no helmet)
rElec  .         Spirit   .     r - +0 cloak
rCorr  .         Warding  .     (no gloves)
rMut   .         Stasis   .     (no boots)
MR     ++...                    i - amulet of clarity
Stlth  ++........               p - ring of protection from magic
                                s - ring of wizardry

@: very resistant to hostile enchantments, unstealthy
A: repulsion field 1, berserk 1, high mp 1, subdued magic 2, sustain attributes,
MP-powered wands
a: no special abilities


You were on level 1 of the Orcish Mines.
You were hungry.

You visited 2 branches of the dungeon, and saw 13 of its levels.
You also visited: Ossuary.

You collected 957 gold pieces.

Inventory:

Hand Weapons
 F - a +0 blowgun (weapon)
Missiles
 q - 62 poisoned needles (quivered)
Armour
 r - a +0 cloak (worn)
 H - the +1 chain mail of Forking Paths {rC++ Dex+5}
   (You found it on level 7 of the Dungeon)

   It affects your dexterity (+5).
   It greatly protects you from cold.
 L - a +2 robe of resistance (worn)
Magical Staves
 N - an uncursed staff of energy
Jewellery
 a - a +3 ring of slaying
 f - an uncursed amulet of stasis
 i - an amulet of clarity (around neck)
 l - an uncursed ring of protection from fire
 p - a ring of protection from magic (right hand)
 s - a ring of wizardry (left hand)
 y - an uncursed ring of protection from magic
Scrolls
 d - 3 scrolls of recharging
 h - 3 scrolls of noise
 j - 3 scrolls of amnesia
 k - 3 scrolls of enchant weapon
 w - a scroll of remove curse
 J - a scroll of magic mapping {unknown}
 K - 2 scrolls of blinking {unknown}
 P - a scroll of fog {unknown}
Potions
 c - 2 potions of might
 g - a potion of heal wounds
 m - a potion of magic {unknown}
 t - 6 potions of curing
 x - 2 potions of ambrosia
 z - 2 potions of agility
 A - 2 potions of invisibility
 O - 2 potions of flight {unknown}
 R - a potion of lignification {unknown}
Books
 b - a book of Conjurations

   Spells                             Type                      Level
   a - Magic Dart                     Conjuration                  1
   b - Searing Ray                    Conjuration                  2
   c - Dazzling Spray                 Conjuration/Hexes            3
   d - Fulminant Prism                Conjuration/Hexes            4
   e - Iskenderun's Mystic Blast      Conjuration                  4
   f - Iskenderun's Battlesphere      Conjuration/Charms           5
Miscellaneous
 Q - a sack of spiders
Comestibles
 u - 3 bread rations
 v - 3 beef jerkies
 E - 7 slices of pizza


   Skills:
 - Level 9.3 Fighting
 + Level 7.9 Armour
 - Level 1.7 Dodging
 - Level 1.7 Stealth
 - Level 8.0 Spellcasting
 * Level 7.4 Conjurations


You had 7 spell levels left.
You knew the following spells:

 Your Spells              Type           Power        Failure   Level  Hunger
a - Magic Dart            Conj           ###.         0%          1    None
b - Searing Ray           Conj           ###...       0%          2    None
c - Dazzling Spray        Conj/Hex       ##......     1%          3    None
d - Fulminant Prism       Conj/Hex       ##........   1%          4    ##.....
e - Iskenderun's Mystic   Conj           ###.....     1%          4    ##.....
f - Iskenderun's Battles  Conj/Chrm      ##......     5%          5    ####...


Dungeon Overview and Level Annotations

Branches:
Dungeon (11/15)            Temple (0/1) D:5             Orc (2/4) D:9
   Lair: D:8-11

Annotations:
D:2 Sigmund
D:6 exclusion: statue


Innate Abilities, Weirdness & Mutations

You have an increased reservoir of magic (+10% MP).
Your attributes are resistant to harm.
You are surrounded by a mild repulsion field (EV +2).
You tend to lose your temper in combat.
Your spells are easier to cast, but less powerful.
You expend magic power (3 MP) to strengthen your wands.


Message History

There is a staircase back to the Dungeon, spattered with blood here.
Read which item? (? for menu, Esc to quit)
Okay, then.
A warg comes into view.
Firing (i - inventory):
q - 63 poisoned needles (quivered)
Press: ? - help, Shift-Dir - straight line, f/p - orc warrior
Aim: an orc warrior, wielding a war axe and wearing a runed plate armour You shoot a poisoned needle.
The poisoned needle barely misses the orc warrior.
The warg howls!
The orc warrior hits you but does no damage.
You see here a giant club.
The orc hits you with a flail!
* * * LOW HITPOINT WARNING * * *
All of the chunks of flesh in your inventory have rotted away.
You see here a leather armour.
The orc misses you.
There is a staircase back to the Dungeon, spattered with blood here.
The orc warrior hits you with a war axe!
You die...

#### #### #####..###
###..#####.##.....##
##......##...##.....##
#........##.###......#
#...........>#......######
####.....((....รท.(..........## #
#........([..[...[...........#
###......#....[.@...#.........##
.#.......#.#.(..oo..........>###
.#.....####>....h.)##.##.....#.##
......####.......[..##h.....#...#
#.##.....#......[...#.......##.##
###......#(....#............####
###..........#............#
###.......)....[........###
##.#..........#.).........#


You could see a warg, an orc warrior and an orc.

Vanquished Creatures
  Erica (D:8)
  2 hill giants (D:10)
  A troll (D:7)
  Grinder (D:3)
  A yak (D:11)
  A human (D:8)
  A hippogriff (D:7)
  2 wolves (D:11)
  2 wargs (Orc:1)
  An ice beast (D:6)
  5 sky beasts
  3 eyes of draining (D:7)
  A water moccasin (D:5)
  9 ogres
  8 orc warriors
  2 phantoms
  2 necrophages
  A centaur (D:8)
  3 big kobolds
  3 giant frogs
  A wyvern zombie (D:9)
  3 scorpions
  5 water moccasin zombies (Ossuary)
  A wyvern skeleton (D:9)
  7 killer bees
  A quasit (D:8)
  6 wights (D:11)
  13 orc priests
  3 giant frog zombies
  2 jellies (D:8)
  6 crimson imps
  6 hounds
  A giant frog skeleton (D:9)
  6 worker ants
  15 orc wizards
  Jessica (D:3)
  Natasha (thrice) (D:2)
  4 sheep (D:8)
  A giant frog simulacrum (D:9)
  A hound skeleton (D:10)
  3 mummies
  A worker ant zombie (D:10)
  3 river rats (D:6)
  9 adders
  A shadow imp (D:6)
  2 adder skeletons (D:9)
  3 adder zombies
  2 worms
  5 giant geckos
  74 orcs
  2 ball pythons
  5 bats
  5 giant cockroaches
  3 gnoll zombies (Ossuary)
  11 goblins
  10 hobgoblins
  26 jackals
  7 quokkas
  A giant gecko skeleton (D:5)
  3 giant newts
  5 hobgoblin zombies (Ossuary)
  A jackal skeleton (D:4)
  25 kobolds
  2 kobold zombies (Ossuary)
  5 orc zombies (Ossuary)
  2 quokka zombies (D:6)
  13 rats
  A fulminant prism (D:9)
366 creatures vanquished.

Vanquished Creatures (others)
  3 jackals (D:5)
  A quokka (D:8)
  78 fulminant prisms
82 creatures vanquished.

Grand Total: 448 creatures vanquished

Notes
Turn   | Place    | Note
--------------------------------------------------------------
     0 | D:1      | UristPineapples the Demigod Conjurer began the quest for the Orb.
     0 | D:1      | Reached XP level 1. HP: 14/14 MP: 5/5
   243 | D:1      | Reached skill level 4 in Conjurations
   353 | D:1      | Reached XP level 2. HP: 20/20 MP: 5/7
   616 | D:1      | Learned a level 2 spell: Searing Ray
  1366 | D:2      | Reached XP level 3. HP: 26/26 MP: 3/8
  1465 | D:2      | Noticed Natasha
  1473 | D:2      | Killed Natasha
  1473 | D:2      | Reached skill level 5 in Conjurations
  1627 | D:2      | Noticed Natasha
  1698 | D:2      | Killed Natasha
  1792 | D:2      | Reached XP level 4. HP: 33/33 MP: 4/9
  1833 | D:2      | Learned a level 3 spell: Dazzling Spray
  1855 | D:2      | Noticed Sigmund
  2648 | D:2      | Noticed Natasha
  2654 | D:2      | Killed Natasha
  3555 | D:3      | Noticed Jessica
  3567 | D:3      | Killed Jessica
  3787 | D:3      | Reached skill level 6 in Conjurations
  3787 | D:3      | Reached XP level 5. HP: 38/38 MP: 5/10
  4162 | D:3      | Reached XP level 6. HP: 36/45 MP: 4/11
  4163 | D:3      | Reached skill level 7 in Conjurations
  4293 | D:3      | Noticed Grinder
  4786 | D:3      | Killed Grinder
  4924 | D:4      | Reached XP level 7. HP: 52/57 MP: 3/14
  5261 | D:4      | Learned a level 4 spell: Fulminant Prism
  5286 | D:4      | Found a basalt altar of Yredelemnul.
  5944 | D:5      | Entered Level 5 of the Dungeon
  6285 | D:5      | Found a sparkling altar of Nemelex Xobeh.
  6657 | D:5      | Reached skill level 5 in Fighting
  6679 | D:5      | Reached XP level 8. HP: 69/69 MP: 2/17
  6685 | D:5      | Gained mutation: You can spit weak poison. [mutagenic meat]
  6686 | D:5      | Gained mutation: You tend to lose your temper in combat. [mutagenic meat]
  6687 | D:5      | Gained mutation: You expend magic power (3 MP) to strengthen your wands. [mutagenic meat]
  6688 | D:5      | Gained mutation: Your spells are a little easier to cast, but a little less powerful. [mutagenic meat]
  6817 | D:5      | Found a staircase to the Ecumenical Temple.
  7387 | D:6      | Identified a scroll of acquirement
  7468 | D:6      | Found a radiant altar of Vehumet.
  7541 | D:6      | Found a sand-covered staircase.
  7738 | Ossuary  | Entered an ossuary
  9285 | D:6      | Reached skill level 5 in Spellcasting
  9311 | D:6      | Learned a level 4 spell: Iskenderun's Mystic Blast
  9882 | D:7      | Got a jewelled chain mail
  9893 | D:7      | Identified the +1 chain mail of Forking Paths {rC++ Dex+5} (You found it on level 7 of the Dungeon)
 10019 | D:7      | Noticed a troll
 10327 | D:7      | Killed a troll
 10327 | D:7      | Reached XP level 9. HP: 79/81 MP: 1/20
 10572 | D:7      | Found a bloodstained altar of Trog.
 10582 | D:7      | Reached skill level 8 in Fighting
 11709 | D:7      | Reached skill level 9 in Fighting
 12123 | D:8      | Found a white marble altar of Elyvilon.
 12181 | D:8      | Reached skill level 1 in Armour
 12323 | D:8      | Found a snail-covered altar of Cheibriados.
 12852 | D:8      | Noticed Erica
 12979 | D:8      | Gained mutation: You are surrounded by a mild repulsion field (EV +2). [mutagenic meat]
 12980 | D:8      | Lost mutation: You can spit weak poison. [mutagenic meat]
 12982 | D:8      | Gained mutation: Your spells are easier to cast, but less powerful. [mutagenic meat]
 13202 | D:8      | Killed Erica
 13202 | D:8      | Reached XP level 10. HP: 91/91 MP: 6/24
 13673 | D:9      | Found a staircase to the Orcish Mines.
 14277 | D:9      | Got a jewelled dagger
 14278 | D:9      | Identified the +4 dagger of Jujeseu {flame, Dex+4} (You found it on level 9 of the Dungeon)
 14298 | D:9      | Noticed a cyclops
 14310 | D:9      | Noticed a griffon
 14367 | D:9      | Found a burning altar of Makhleb.
 14375 | D:9      | Reached skill level 5 in Armour
 14608 | D:9      | Found a deep blue altar of Sif Muna.
 14652 | D:10     | Entered Level 10 of the Dungeon
 14781 | D:10     | Noticed a hill giant
 14796 | D:10     | Killed a hill giant
 15677 | D:10     | Noticed a hill giant
 15703 | D:10     | Killed a hill giant
 16338 | D:11     | Found a glowing golden altar of the Shining One.
 16355 | D:11     | Noticed a cyan ugly thing
 16363 | D:11     | Noticed a cyclops
 16617 | Orc:1    | Entered Level 1 of the Orcish Mines
 17051 | Orc:1    | Learned a level 5 spell: Iskenderun's Battlesphere
 17990 | Orc:1    | Reached XP level 11. HP: 62/97 MP: 1/27
 18069 | Orc:1    | Found a roughly hewn altar of Beogh.
 18799 | Orc:1    | HP: 4/97 [orc warrior/war axe (10)]
 18818 | Orc:1    | HP: 2/97 [orc/flail (7)]
 18821 | Orc:1    | Mangled by an orc warrior

Action                   |  1- 3 |  4- 6 |  7- 9 | 10-12 || total
-------------------------+-------+-------+-------+-------++-------
Melee: Unarmed           |    21 |    26 |    42 |       ||    89
       Staff             |       |       |       |    60 ||    60
 Fire: Blowgun           |       |     3 |   102 |    57 ||   162
 Cast: Magic Dart        |    56 |    75 |   124 |   122 ||   377
       Searing Ray       |     6 |    11 |    44 |    33 ||    94
       Dazzling Spray    |       |    18 |    32 |    35 ||    85
       Fulminant Prism   |       |       |    46 |    34 ||    80
       Iskenderun's Myst |       |       |    15 |    26 ||    41
       Iskenderun's Batt |       |       |       |    19 ||    19
Evoke: Wand              |       |     2 |       |       ||     2
       Staff of energy   |       |       |       |   114 ||   114
  Use: Scroll            |     2 |     4 |     9 |    11 ||    26
       Potion            |       |       |       |     3 ||     3
 Stab: Invisible         |       |     2 |       |     2 ||     4
       Distracted        |       |     1 |     1 |       ||     2
       Sleeping          |       |       |     3 |     4 ||     7
  Eat: Chunk             |     4 |     6 |    17 |     8 ||    35
       Bread ration      |       |     2 |     2 |     1 ||     5
       Fruit             |       |       |     4 |       ||     4
       Pizza             |       |       |     1 |     1 ||     2
       Beef jerky        |       |       |     2 |     1 ||     3
       Meat ration       |       |       |     2 |     1 ||     3
